Map: New Repugnancy LE

Players

MarineLorD

  • Race: Terran Terran
  • Spawn Location: 1:00

uThermal - Winner!

  • Race: Terran Terran
  • Spawn Location: 7:00

Event: 2019 WCS Summer

VOD

Have the link to the VOD?

Description

Time

  • Played on: July 12, 2019, 3 p.m.
  • Length: 17:32

All games in this series

Show
View Real Time Build Order
Export as new Build Order

MarineLorD Terran 

Build Orders: Gas First Reaper Expand, Hellion Opening 

Get SALT Encoding   

  12  0:00  SCV  
  13  0:12  SCV  
  14  0:17  Supply Depot  
  14  0:24  SCV  
  14  0:27  Refinery  
  15  0:38  SCV  
  16  0:45  Barracks  
  16  0:50  SCV  
  17  1:02  SCV  
  18  1:15  SCV  
  19  1:31  Orbital Command  
  19  1:33  Reaper  
  20  1:48  Command Center  
  20  1:57  Factory  
  20  2:00  SCV  
  21  2:05  Barracks Reactor  
  21  2:10  Supply Depot  
  21  2:15  SCV  
  22  2:27  SCV  
  23  2:31  Refinery  
  23  2:40  SCV  
  24  2:44  Starport  
  24  2:47  Hellion  
  24  2:48  Hellion  
  24  2:51  Barracks Tech Lab  
  28  2:52  SCV  
  29  3:00  Orbital Command  
  29  3:04  SCV  
  30  3:06  Orbital Command  
  30  3:09  Marauder  
  32  3:14  Hellion  
  32  3:19  Hellion  
  36  3:24  Medivac  
  38  3:28  SCV  
  39  3:35  Supply Depot  
  39  3:36  Marauder  
  41  3:43  Hellion  
  41  3:44  Hellion  
  41  3:46  SCV  
  46  3:54  Supply Depot  
  46  3:55  Starport Tech Lab  
  46  3:56  SCV  
  46  3:58  SCV  
  46  4:00  Liberator  
  48  4:08  SCV  
  49  4:10  SCV, Supply Depot  
  48  4:21  SCV  
  48  4:22  SCV  
  48  4:30  Marine x2  
  48  4:33  SCV  
  48  4:34  SCV  
  48  4:35  Cyclone  
  48  4:38  Refinery  
  51  4:42  Supply Depot  
  51  4:45  SCV  
  52  4:47  Marine, SCV  
  52  4:48  Marine  
  55  4:57  SCV  
  56  5:00  Raven  
  56  5:02  SCV  
  56  5:05  Marine x2  
  61  5:08  Supply Depot  
  61  5:09  SCV  
  61  5:14  SCV  
  61  5:18  Siege Tank  
  61  5:21  SCV  
  61  5:23  Marine x2  
  61  5:26  SCV  
  60  5:33  SCV  
  60  5:38  SCV  
  58  5:43  Marine  
  58  5:45  SCV  
  54  5:50  Siege Tank, SCV  
  57  5:57  SCV  
  57  6:02  SCV  
  57  6:06  Marine  
  57  6:09  SCV  
  56  6:15  SCV  
  57  6:22  Raven, SCV  
  60  6:27  SCV  
  60  6:30  Marine x2, Command Center  
  60  6:31  Siege Tank, Refinery  
  66  6:33  Supply Depot  
  66  6:34  SCV  
  66  6:39  SCV  
  68  6:43  Engineering Bay  
  68  6:44  Engineering Bay  
  68  6:46  SCV  
  69  6:51  SCV  
  70  6:59  SCV  
  71  7:02  Barracks  
  71  7:03  Siege Tank, Barracks  
  71  7:08  SCV  
  75  7:10  Marine  
  75  7:11  Stimpack  
  75  7:14  Viking x2  
  80  7:17  SCV  
  80  7:20  SCV, Terran Infantry Weapons Level 1  
  80  7:21  Terran Infantry Armor Level 1  
  82  7:24  Supply Depot  
  82  7:26  Supply Depot  
  82  7:29  SCV  
  83  7:34  SCV  
  72  7:39  Siege Tank  
  72  7:41  SCV  
  72  7:42  Marine  
  72  7:44  Viking x2  
  70  7:46  SCV  
  70  7:48  Orbital Command  
  73  7:54  Barracks Reactor  
  73  7:55  Barracks Reactor, SCV  
  73  8:00  SCV  
  73  8:04  Marine  
  68  8:07  Barracks x2  
  68  8:08  SCV  
  68  8:11  Siege Tank  
  72  8:14  Viking  
  72  8:17  SCV  
  75  8:22  Marine  
  74  8:34  SCV  
  74  8:35  SCV  
  74  8:39  Viking  
  74  8:40  Marine  
  73  8:43  Siege Tank  
  73  8:44  Orbital Command, Viking  
  73  8:46  Marine  
  73  8:47  SCV  
  73  8:48  SCV  
  81  8:50  Marine x3  
  84  8:58  Marine  
  84  8:59  SCV  
  84  9:00  SCV  
  84  9:04  Marine  
  84  9:08  Marine  
  84  9:09  Viking  
  85  9:11  Marine x2, SCV  
  85  9:12  SCV  
  85  9:13  Barracks Reactor  
  85  9:14  Viking, Barracks Reactor  
  85  9:16  SCV  
  87  9:17  Marine  
  87  9:22  Marine  
  87  9:23  SCV  
  85  9:24  SCV  
  85  9:26  Marine  
  85  9:28  Marine x2, SCV  
  85  9:30  Siege Tank  
  93  9:35  Marine  
  95  9:40  Marine, Refinery  
  95  9:41  Refinery  
  95  9:46  Marine x3  
  95  9:49  Medivac x2  
  95  9:50  Armory  
  95  9:51  Marine  
  95  9:52  Marine x4  
  104  9:58  Marine  
  106  10:01  Combat Shield  
  106  10:03  Siege Tank  
  106  10:04  Marine x3  
  106  10:06  Supply Depot  
  106  10:07  Supply Depot  
  112  10:09  Marine  
  112  10:12  Marine x2  
  112  10:13  Marine x2  
  117  10:16  Marine  
  117  10:19  Medivac x2  
  122  10:21  Marine  
  122  10:22  Marine x2  
  122  10:27  Marine  
  126  10:30  Marine x4  
  126  10:34  Supply Depot  
  126  10:35  Siege Tank  
  136  10:45  Marine  
  136  10:48  Marine, Command Center  
  134  10:52  Viking x2  
  134  10:53  Barracks Tech Lab x2  
  134  10:55  SCV x3  
  132  10:58  Marauder, Marine x2  
  132  11:03  Marine  
  136  11:06  Marine  
  136  11:07  SCV x3  
  132  11:16  Marine  
  125  11:20  Marauder, SCV  
  125  11:22  Marauder, Viking, Marine x3  
  125  11:24  SCV  
  132  11:28  Marine  
  133  11:33  Siege Tank  
  133  11:34  Medivac  
  138  11:41  Marauder x2  
  138  11:44  Marauder  
  142  11:51  Liberator  
  142  11:52  Viking  
  143  11:54  Marine x2  
  143  11:59  Marine x2  
  143  12:00  SCV x2  
  143  12:01  Orbital Command  
  145  12:02  Marauder x2  
  145  12:03  SCV  
  145  12:05  Marauder  
  152  12:12  SCV x2  
  152  12:15  SCV  
  140  12:23  Terran Infantry Weapons Level 2, Marauder, Terran Infantry Armor Level 2  
  140  12:24  SCV, Terran Ship Weapons Level 1  
  140  12:26  Viking  
  140  12:27  Armory  
  140  12:28  Marauder  
  145  12:30  SCV x2  
  145  12:36  Marauder  
  147  12:37  Marine  
  147  12:43  Refinery  
  147  12:44  Refinery, SCV x2  
  150  12:45  Marauder, SCV  
  150  12:48  SCV  
  150  12:51  Viking  
  156  12:52  Marine x2  
  156  12:53  Marauder  
  156  12:54  Marine  
  156  12:56  SCV  
  156  12:58  Marauder, SCV  
  158  13:03  Marine  
  146  13:06  Viking  
  146  13:10  Marine x2  
  142  13:17  SCV x2, Starport  
  142  13:19  Starport  
  142  13:20  SCV  
  142  13:24  Marine  
  142  13:25  Marauder  
  146  13:31  Viking  
  146  13:33  SCV x4  
  152  13:36  Viking  
  152  13:37  Marauder, Marine  
  157  13:44  Liberator  
  157  13:45  Liberator  
  157  13:47  Supply Depot  
  156  13:49  Supply Depot  
  156  13:55  Supply Depot  
  156  13:57  Supply Depot  
  156  14:01  Medivac  
  164  14:06  Terran Vehicle And Ship Armor Level 1  
  164  14:08  Viking, Medivac  
  168  14:13  Supply Depot  
  168  14:15  Supply Depot  
  167  14:17  Concussive Shells  
  167  14:18  Marauder x2  
  167  14:19  Marauder  
  167  14:21  Supply Depot  
  173  14:26  SCV x2  
  173  14:27  SCV  
  173  14:28  SCV  
  170  14:36  Command Center  
  170  14:38  SCV  
  170  14:39  Sensor Tower  
  170  14:40  Marauder  
  170  14:43  Marauder x2, Marine x2  
  170  14:44  Marine x2  
  181  14:57  Command Center  
  181  15:01  Viking x3, Marine  
  188  15:07  Starport  
  188  15:13  Marine  
  188  15:14  Orbital Command, Marine, Marauder  
  185  15:17  Liberator x3  
  154  15:25  Marauder  
  137  15:30  Marine x2  
  137  15:31  Marauder  
  141  15:43  Medivac x2  
  145  15:50  Raven  
  145  15:52  Fusion Core  
  145  16:02  Refinery  
  145  16:03  Refinery  
  145  16:04  Marauder x2, Marine x2  
  145  16:05  Marine  
  144  16:17  Marauder, Marine  
  137  16:22  Marine  
  137  16:25  Orbital Command  
  138  16:27  Marauder  
  131  16:34  Marine  
  131  16:35  Marauder, Marine x2  
  131  16:38  Marauder  
  131  16:39  Orbital Command  
  138  16:43  Marine  
  139  16:48  Marauder  
  139  16:52  Marine  
  130  16:56  Marauder  
  130  16:59  Marine  
  130  17:00  Marauder  
Show
View Real Time Build Order
Export as new Build Order

uThermal Terran - Winner!

Build Orders: Gas First Reaper Expand, Liberator Opening 

Get SALT Encoding   

  12  0:01  SCV  
  13  0:13  SCV  
  14  0:18  Supply Depot  
  14  0:25  SCV  
  14  0:27  Refinery  
  15  0:39  SCV  
  16  0:44  Barracks  
  16  0:51  SCV  
  17  1:03  SCV  
  18  1:16  SCV  
  19  1:32  Orbital Command, Reaper  
  20  1:46  Command Center  
  20  1:57  SCV  
  21  2:01  Factory  
  21  2:05  Barracks Reactor  
  21  2:09  SCV  
  21  2:14  Supply Depot  
  22  2:21  SCV  
  23  2:23  Refinery  
  23  2:35  SCV  
  24  2:45  Starport  
  24  2:47  SCV  
  24  2:51  Hellion x2  
  29  2:57  Orbital Command  
  29  2:59  Barracks Tech Lab  
  30  3:12  Hellion x2  
  33  3:18  Marauder  
  35  3:22  Medivac  
  35  3:25  Concussive Shells  
  37  3:33  Hellion  
  37  3:34  Hellion  
  41  3:39  Marauder  
  43  3:43  SCV, Supply Depot  
  43  3:45  SCV  
  43  3:48  Liberator  
  45  4:05  Marauder, Hellion x2  
  54  4:13  Supply Depot  
  54  4:17  SCV x2  
  47  4:29  SCV x2  
  43  4:41  SCV x2  
  45  4:46  Marine x2  
  45  4:47  Siege Tank  
  45  4:48  Viking  
  45  4:49  Refinery  
  45  4:50  Supply Depot  
  52  4:53  SCV x2  
  54  5:04  Marine x2  
  54  5:05  SCV  
  54  5:06  SCV  
  58  5:18  SCV x2  
  58  5:19  Siege Tank  
  61  5:22  Marine x2  
  61  5:30  SCV  
  61  5:34  SCV  
  58  5:40  Marine x2  
  53  5:44  Command Center  
  53  5:45  SCV  
  53  5:47  Viking  
  47  5:51  Siege Tank, SCV  
  49  5:59  SCV  
  49  6:03  SCV  
  53  6:11  SCV  
  53  6:16  SCV  
  50  6:23  Siege Tank, SCV  
  54  6:26  Viking  
  54  6:27  Marine  
  54  6:29  Viking  
  54  6:31  Refinery, SCV  
  60  6:37  SCV  
  61  6:42  Supply Depot  
  61  6:43  SCV  
  61  6:45  Marine  
  63  6:49  SCV  
  63  6:51  Supply Depot  
  64  6:55  SCV  
  64  6:56  Viking  
  64  6:59  Viking  
  64  7:00  Orbital Command  
  69  7:03  SCV  
  69  7:07  Siege Tank  
  69  7:08  Barracks Reactor  
  73  7:09  SCV  
  73  7:15  SCV  
  75  7:21  SCV  
  76  7:26  Viking  
  76  7:27  SCV  
  76  7:29  Viking  
  81  7:30  Orbital Command  
  81  7:33  SCV  
  71  7:39  SCV  
  71  7:42  Siege Tank  
  69  7:45  SCV  
  71  7:51  SCV  
  71  7:57  SCV  
  66  7:59  SCV  
  66  8:00  Marine  
  66  8:03  Viking x2, SCV  
  71  8:07  Refinery  
  71  8:09  SCV  
  71  8:10  Factory x2  
  71  8:11  SCV  
  73  8:14  Marine  
  73  8:15  Refinery, SCV  
  73  8:21  SCV  
  73  8:22  Siege Tank  
  73  8:23  SCV  
  78  8:27  SCV  
  78  8:33  Viking  
  78  8:34  SCV  
  82  8:35  SCV  
  84  8:41  SCV  
  84  8:42  Command Center  
  84  8:46  Viking, Engineering Bay, SCV  
  84  8:47  SCV  
  88  8:53  Armory x2  
  88  8:54  SCV  
  89  8:56  Factory Tech Lab  
  88  9:03  SCV  
  88  9:05  Marine  
  88  9:08  SCV  
  81  9:13  Siege Tank, SCV  
  81  9:15  SCV  
  84  9:20  SCV  
  84  9:23  Siege Tank, Marine, Hellion x2  
  93  9:25  SCV  
  93  9:28  Viking  
  93  9:30  Viking  
  95  9:33  Infernal Pre-Igniter  
  87  9:46  Terran Vehicle And Ship Armor Level 1, Terran Vehicle Weapons Level 1, Missile Turret x2  
  87  9:47  Sensor Tower  
  87  9:49  Hellion  
  89  9:53  Siege Tank  
  89  9:58  Viking  
  94  10:00  Viking  
  94  10:01  Hellion  
  94  10:05  Siege Tank  
  101  10:09  SCV  
  101  10:11  Hellion  
  105  10:20  Factory  
  105  10:21  Factory  
  104  10:23  Missile Turret, Hellion  
  104  10:25  Hellion  
  104  10:28  Viking  
  110  10:30  Viking  
  110  10:32  Hellion  
  114  10:36  Supply Depot  
  114  10:37  Hellion  
  114  10:39  Supply Depot  
  114  10:40  Supply Depot  
  116  10:45  Supply Depot  
  116  10:57  Siege Tank  
  116  10:58  Hellion x2  
  116  10:59  Siege Tank  
  114  11:05  Hellion  
  95  11:19  Hellion x2  
  95  11:23  SCV  
  95  11:25  SCV  
  101  11:26  Factory Tech Lab, Hellion  
  101  11:28  Viking  
  101  11:30  Siege Tank  
  101  11:31  Hellion  
  110  11:33  Missile Turret  
  110  11:39  Viking  
  109  11:50  Thor  
  115  11:56  Hellion  
  115  11:57  Hellion  
  115  11:59  Viking  
  119  12:02  Siege Tank  
  119  12:06  Hellion  
  122  12:08  Viking  
  120  12:28  Factory Reactor, Factory Tech Lab  
  118  12:30  Terran Vehicle Weapons Level 2, Terran Vehicle And Ship Armor Level 2  
  118  12:32  Viking  
  118  12:33  Thor, Engineering Bay  
  118  12:34  Siege Tank  
  127  12:44  Hellion  
  129  12:48  Siege Tank, Hellion  
  134  12:52  SCV  
  135  13:02  Hellion x5  
  135  13:05  Hellion  
  131  13:06  Siege Tank  
  131  13:09  Hellion  
  132  13:16  Supply Depot  
  132  13:17  Refinery  
  132  13:21  Refinery, Supply Depot  
  132  13:31  Command Center  
  132  13:33  Supply Depot  
  132  13:34  Supply Depot  
  132  13:36  Sensor Tower  
  132  13:38  Viking, Hellion x3  
  140  13:43  Siege Tank  
  140  13:47  Viking  
  145  13:52  Supply Depot  
  145  14:01  Thor  
  151  14:06  Missile Turret  
  151  14:13  Thor  
  155  14:21  Thor  
  151  14:31  SCV  
  152  14:39  Hellion x2  
  152  14:43  Viking  
  152  14:44  Thor  
  164  14:49  Viking  
  166  14:56  Hellion x2  
  170  15:01  Missile Turret  
  170  15:06  Missile Turret  
  170  15:11  Missile Turret  
  170  15:13  Viking  
  147  15:25  Hellion  
  147  15:26  Hellion x2  
  131  15:30  Planetary Fortress  
  131  15:32  SCV  
  123  15:38  Siege Tank x2  
  123  15:39  Hellion  
  123  15:42  SCV  
  128  15:44  SCV  
  128  15:46  Viking  
  128  15:49  Viking  
  133  15:53  Hellion  
  133  15:56  Hellion  
  137  15:59  Hellion  
  137  16:00  SCV  
  137  16:03  Hellion  
  142  16:12  Siege Tank, Hellion  
  142  16:14  Hellion  
  142  16:17  Hellion  
  147  16:33  Siege Tank  
  147  16:35  Siege Tank  
  153  16:43  Hellion  
  153  16:44  Siege Tank  
  156  16:54  Hellion  
  156  16:59  Hellion  
Tags
 
Add a new tag
Caveats
  • Supply blocks, unpowered buildings, or Contaminate may cause inaccurate times.
  • Supply counts are checked every 10 seconds.